 Dungeon Crawl Stone Soup version 0.22-a0-44-geb883ae (webtiles) character file.

2067 Timinator the Insei (level 9, 0/68 HPs)
             Began as a Vampire Transmuter on Jan 6, 2018.
             Slain by Joseph
             ... wielding a +0 quarterstaff
              (7 damage)
             ... on level 7 of the Dungeon.
             The game lasted 00:56:14 (6540 turns).

Timinator the Insei (Vampire Transmuter)            Turns: 6540, Time: 00:56:14

Health: 0/68       AC:  3    Str: 12    XL:     9   Next: 5%
Magic:  12/17      EV: 16    Int: 21    God:
Gold:   315        SH:  0    Dex: 17    Spells: 5/16 levels left

rFire    . . .     SeeInvis +     - Unarmed
rCold    . . .     Gourm    .   (shield currently unavailable)
rNeg     . . .     Faith    .   A - +0 robe (curse)
rPois    +         Spirit   .   (helmet restricted)
rElec    .         Reflect  .   b - +0 cloak
rCorr    .         Harm     .   (gloves currently unavailable)
MR       .....                  (no boots)
Stlth    ++........             f - amulet of rage
HPRegen  0.41/turn              y - ring of poison resistance
MPRegen  0.15/turn              t - +3 ring of strength

@: brilliant, blade hands, regenerating quickly
A: antennae 1, fangs 3, see invisible, high mp 1, unbreathing
a: End Transformation, Evoke Berserk Rage


You were on level 7 of the Dungeon.
You were very full.
You had blades for hands.
You visited 1 branch of the dungeon, and saw 7 of its levels.

You collected 315 gold pieces.

Inventory:

Missiles
 a - 60 arrows
Armour
 b - a +0 cloak (worn)
 i - a +2 pair of gloves (melded)
 r - the +0 robe of the Wheelwright {rPois rC- MR+ Int+5}
   (You found it on level 4 of the Dungeon)

   It affects your intelligence (+5).
   It makes you vulnerable to cold.
   It protects you from poison.
   It affects your resistance to hostile enchantments.
 A - a cursed +0 robe (worn)
Jewellery
 f - an amulet of rage (around neck)
 t - a +3 ring of strength (right scythe-like blade)
 y - a ring of poison resistance (left scythe-like blade)
Scrolls
 e - 3 scrolls of random uselessness {unknown}
 g - 6 scrolls of teleportation {unknown}
 h - 5 scrolls of remove curse
 j - a scroll of blinking {unknown}
 n - 3 scrolls of identify
 o - a scroll of fear {unknown}
 q - a scroll of amnesia {unknown}
 w - a scroll of noise {unknown}
 x - 2 scrolls of enchant armour {unknown}
Potions
 d - 3 potions of blood
 k - a potion of flight
 l - a potion of agility
 u - 2 potions of brilliance
Books
 c - a book of Changes

   Spells                             Type                      Level
   a - Beastly Appendage              Transmutation                1
   b - Sticks to Snakes               Transmutation                2
   c - Spider Form                    Transmutation/Poison         3
   d - Ice Form                       Ice/Transmutation            4
   e - Blade Hands                    Transmutation                5
 v - a book of Cantrips

   Spells                             Type                      Level
   a - Confusing Touch                Hexes                        1
   b - Animate Skeleton               Necromancy                   1
   c - Summon Small Mammal            Summoning                    1
   d - Apportation                    Translocation                1


   Skills:
 * Level 5.3 Fighting
 * Level 6.4 Dodging
 * Level 6.8 Unarmed Combat
 + Level 4.4 Spellcasting
 * Level 6.1 Transmutations


You had 5 spell levels left.
You knew the following spells:

 Your Spells              Type           Power        Failure   Level  Hunger
a - Beastly Appendage     Tmut           #####.       1%          1    None
b - Blade Hands           Tmut           #####.....   11%         5    ######.
c - Ice Form              Ice/Tmut       ####....     13%         4    ####...
d - Confusing Touch       Hex            ###...       7%          1    None


Dungeon Overview and Level Annotations

Branches:
Dungeon (7/15)
 Temple: D:4-7

Altars:
Ashenzari
Dithmenos
Gozag
Makhleb
Okawaru
Sif Muna
Trog
Uskayaw
Xom
Yredelemnul
Zin

Shops:
D:6 [

Annotations:
D:7 Joseph


Innate Abilities, Weirdness & Mutations

Your natural rate of healing is unusually fast.
You have razor-sharp teeth.
You have supernaturally acute eyesight. (SInv)
You can survive without breathing.
You have a pair of small antennae on your head.
You have an increased reservoir of magic. (+10% MP)


Message History

You feel less wooden.
Your +0 cloak unmelds from your body.
Your +2 pair of gloves unmelds from your body.
Your cursed +0 robe unmelds from your body.
Joseph says, "You must be punished!
Or...
I want to punish you!"
Joseph shoots a sling bullet.
The sling bullet misses you.
Okay, then.
You feel clever all of a sudden.
Casting: Beastly Appendage
Confirm with . or Enter, or press ? or * to list all spells.
Your hands turn into razor-sharp scythe blades.
Your +2 pair of gloves melds into your body.
Joseph unwields an uncursed hunting sling of freezing.
Joseph wields an uncursed quarterstaff.
Joseph misses you.
You hit Joseph.
Joseph is moderately wounded.
You closely miss Joseph.
Joseph is moderately wounded.
Joseph hits you with an uncursed quarterstaff!
You die...

#.##.# #. .....# #.
#.#### #. ... #. #######
#. ....... .. O ######.
....... .#. #......
.......#+#..... # #......
.o.....#@##.##..#.#####..
.......#@#...........##.#
o..o....(.####.##+##.##.#
...........(............#
...........###..........#
.........#.###..........#
#........#..##..........#
#....###.#..##..........#
#.... #.#..##..........#


You could see Joseph.

Vanquished Creatures
  2 centaur skeletons (D:6)
  A water moccasin (D:5)
  A sky beast (D:6)
  A black bear (D:6)
  A phantom (D:5)
  2 ogres (D:6)
  A centaur (D:5)
  A bullfrog (D:6)
  A scorpion (D:5)
  A howler monkey (D:5)
  5 wights (D:7)
  A crimson imp (D:5)
  A hound (D:6)
  2 orc priests
  A bullfrog skeleton (D:4)
  A gnoll shaman (D:6)
  5 orc wizards
  An iguana (D:4)
  3 worker ants
  16 gnolls
  6 adders
  A howler monkey skeleton (D:4)
  2 shadow imps (D:5)
  An adder zombie (D:6)
  An ooze (D:3)
  An adder skeleton (D:4)
  4 worms
  2 dart slugs
  3 leopard geckos
  11 orcs
  3 ball pythons
  8 bats
  4 giant cockroaches
  4 hobgoblins
  14 jackals
  8 kobolds
  2 quokkas
  7 frilled lizards
  8 goblins
  A jackal skeleton (D:4)
  A jackal zombie (D:4)
  2 leopard gecko skeletons
  A leopard gecko zombie (D:6)
  8 rats
151 creatures vanquished.

Vanquished Creatures (others)
  An orc (D:5)
1 creature vanquished.

Grand Total: 152 creatures vanquished

Notes
Turn   | Place    | Note
-------+----------+-------------------------------------------
     0 | D:1      | Timinator the Vampire Transmuter began the quest for the Orb.
     0 | D:1      | Reached XP level 1. HP: 14/14 MP: 3/3
     9 | D:1      | Reached skill level 1 in Fighting
   155 | D:1      | Reached XP level 2. HP: 22/22 MP: 3/5
   692 | D:2      | Reached XP level 3. HP: 19/27 MP: 2/6
   960 | D:2      | Found a shimmering altar of Xom.
   985 | D:2      | Reached XP level 4. HP: 27/34 MP: 7/7
  1039 | D:2      | Found a shadowy altar of Dithmenos.
  1122 | D:2      | Found a hide-covered altar of Uskayaw.
  1150 | D:2      | Noticed a hand axe
  1151 | D:2      | Noticed a dagger
  1425 | D:2      | Reached XP level 5. HP: 35/39 MP: 7/9
  2048 | D:3      | Found an opulent altar of Gozag.
  2054 | D:3      | Found a deep blue altar of Sif Muna.
  2054 | D:3      | Found an iron altar of Okawaru.
  2054 | D:3      | Found a shattered altar of Ashenzari.
  2216 | D:3      | Found a bloodstained altar of Trog.
  2436 | D:4      | Got a shadowed robe
  2437 | D:4      | Identified the +0 robe of the Wheelwright {rPois rC- MR+ Int+5} (You found it on level 4 of the Dungeon)
  2463 | D:4      | Reached XP level 6. HP: 41/47 MP: 8/10
  2648 | D:4      | Learned a level 5 spell: Blade Hands
  2653 | D:4      | Learned a level 4 spell: Ice Form
  3077 | D:5      | Entered Level 5 of the Dungeon
  3097 | D:5      | Noticed a water moccasin
  3114 | D:5      | Killed a water moccasin
  3216 | D:5      | Reached XP level 7. HP: 43/52 MP: 8/12
  3313 | D:5      | Reached skill level 5 in Unarmed Combat
  3592 | D:5      | Found a basalt altar of Yredelemnul.
  4696 | D:6      | Reached skill level 5 in Dodging
  4696 | D:6      | Reached XP level 8. HP: 47/61 MP: 13/13
  4709 | D:6      | Found Uxunlego's Armour Boutique.
  4748 | D:6      | Reached skill level 5 in Transmutations
  5382 | D:6      | Found a burning altar of Makhleb.
  5384 | D:6      | Noticed a blizzard demon
  5386 | D:6      | Found a glowing silver altar of Zin.
  5387 | D:6      | Noticed an angel
  5467 | D:6      | Reached skill level 5 in Fighting
  5880 | D:7      | Reached XP level 9. HP: 45/68 MP: 15/15
  6038 | D:7      | Learned a level 1 spell: Confusing Touch
  6142 | D:7      | Gained mutation: Your body sometimes deteriorates upon taking damage. [mutagenic glow]
  6472 | D:7      | Lost mutation: Your body sometimes deteriorates upon taking damage. [potion of mutation]
  6472 | D:7      | Gained mutation: You have an increased reservoir of magic. (+10% MP) [potion of mutation]
  6472 | D:7      | Gained mutation: You have a pair of small antennae on your head. [potion of mutation]
  6490 | D:7      | Noticed Joseph
  6509 | D:7      | Noticed a two-headed ogre
  6540 | D:7      | Slain by Joseph

Vault maps used:
D:1:      scummos_arrival_simple_fountains, serial_glass, glass_columns_a,
          glass_columns_b, glass_columns_c, glass_columns_b, glass_columns_b,
          glass_columns_b, minmay_misc_feat_room
D:2:      grunt_dithmenos_smoke_and_mirrors, dancing_weapons_uskayaw,
          old_standard_altar
D:3:      grunt_temple_overflow_open, lemuel_round_altar, serial_corexii_hall,
          corexii_hall_statues_s, corexii_hall_statues_l
D:4:      first_ration
D:5:      yredelemnul_altar_generic
D:6:      grunt_temple_overflow_order_and_chaos_2, serial_shops,
          nicolae_shop_temple_entry_statues_fountains
D:7:      temple_green, uniq_joseph

Skill      XL: |  1  2  3  4  5  6  7  8 |
---------------+-------------------------+-----
Fighting       | 1 2 3 4 5 |  5.3
Dodging        | 3 4 5 6 |  6.4
Unarmed Combat | 4 5 6 |  6.8
Spellcasting   | 3 4 |  4.4
Transmutations | 3 4 6 |  6.1

Action                   |  1- 3 |  4- 6 |  7- 9 || total
-------------------------+-------+-------+-------++-------
Melee: Unarmed           |   126 |   331 |   311 ||   768
       Kick              |    13 |    27 |    35 ||    75
       Bite              |     8 |    25 |    22 ||    55
       Punch             |     3 |    10 |    11 ||    24
       Headbutt          |     3 |    14 |    25 ||    42
 Cast: Beastly Appendage |     9 |    19 |    21 ||    49
       Blade Hands       |       |       |     3 ||     3
       Confusing Touch   |       |       |     1 ||     1
 Abil: End Transformatio |       |       |     1 ||     1
       Bat Form          |       |       |     1 ||     1
       Evoke Berserk Rag |       |       |     1 ||     1
  Use: Potion            |     1 |     6 |    17 ||    24
       Scroll            |       |     6 |     3 ||     9
 Stab: Sleeping          |     1 |     4 |     1 ||     6
       Confused          |       |       |     1 ||     1
  Eat: Corpse            |     8 |     9 |     8 ||    25
Armor: Robe              |    30 |    68 |    52 ||   150
       Skin              |       |       |     8 ||     8
Dodge: Dodged            |    96 |   212 |   173 ||   481

Table legend:
 A = Spawn XP
 B = Non-spawn XP
 C = Spawn XP percentage of total XP
 D = Spawn monster count
 E = Non-spawn monster count
 F = Spawn count percentage of total count
 G = Total turns spent on level
                    A         B        C        D         E        F      G
               +---------+---------+-------+---------+---------+-------+---------
         Total |       0 |    2953 |   0.0 |       0 |     151 |   0.0 |  6540
               +---------+---------+-------+---------+---------+-------+---------
           D:1 |       0 |      37 |   0.0 |       0 |      20 |   0.0 |   646
           D:2 |       0 |     175 |   0.0 |       0 |      36 |   0.0 |  1131
           D:3 |       0 |     121 |   0.0 |       0 |      28 |   0.0 |   621
           D:4 |       0 |     201 |   0.0 |       0 |      16 |   0.0 |   679
           D:5 |       0 |     704 |   0.0 |       0 |      13 |   0.0 |  1601
           D:6 |       0 |    1305 |   0.0 |       0 |      26 |   0.0 |  1131
           D:7 |       0 |     410 |   0.0 |       0 |      12 |   0.0 |   731
               +---------+---------+-------+---------+---------+-------+---------
